 Dungeon Crawl Stone Soup version 0.20.1-1-g8b1a95d (webtiles) character file.

219 letownia2 the Grave Robber (level 5, -5/42 HPs)
             Began as a Deep Dwarf Necromancer on Nov 5, 2017.
             Killed from afar by Ijyb (18 damage)
             ... with a wand of lightning (?/15)
             ... on level 5 of the Dungeon.
             The game lasted 00:05:42 (1670 turns).

letownia2 the Grave Robber (Deep Dwarf Necromancer) Turns: 1670, Time: 00:05:43

Health: -5/42      AC:  5    Str: 11    XL:     5   Next: 64%
Magic:  9/9        EV: 11    Int: 17    God:
Gold:   101        SH:  0    Dex: 16    Spells: 6/10 levels left

rFire    . . .     SeeInvis +   a - +0 dagger
rCold    . . .     Gourm    .   (no shield)
rNeg     . . .     Faith    .   t - +0 ring mail (curse)
rPois    .         Spirit   .   (no helmet)
rElec    .         Reflect  .   (no cloak)
rCorr    .         Harm     .   (no gloves)
MR       .....                  (no boots)
Stlth    ++........             (no amulet)
Regen    0.0/turn               o - ring of see invisible
MPRegen  0.2/turn               y - +3 ring of dexterity

@: non-regenerating
A: damage resistance, heal wounds, sense surroundings 1, no regeneration
a: Heal Wounds


You were on level 5 of the Dungeon.
You were not hungry.

You visited 1 branch of the dungeon, and saw 5 of its levels.

You collected 101 gold pieces.

Inventory:

Hand Weapons
 a - a +0 dagger (weapon)
 k - a +0 broad axe
 p - a +0 mace
 s - a +0 trident
Missiles
 l - a throwing net (quivered)
Armour
 q - a +0 robe
 r - a +0 leather armour
 t - a cursed +0 ring mail (worn)
Jewellery
 e - an uncursed amulet of guardian spirit
 f - an uncursed ring of ice
 o - a ring of see invisible (left hand)
 y - a +3 ring of dexterity (right hand)
Wands
 w - a wand of iceblast (5/15)
 x - a wand of iceblast (7/15)
Scrolls
 d - a scroll of blinking {unknown}
 g - a scroll of fear {unknown}
 i - 2 scrolls of remove curse {unknown}
 v - 2 scrolls of identify {unknown}
 C - a scroll of teleportation {unknown}
Potions
 h - a potion of ambrosia {unknown}
 j - 2 potions of invisibility {unknown}
 n - a potion of mutation {unknown}
 z - a potion of curing {unknown}
 A - a potion of lignification {unknown}
 B - a potion of berserk rage {unknown}
Books
 b - a book of Necromancy

   Spells                             Type                      Level
   a - Pain                           Necromancy                   1
   b - Animate Skeleton               Necromancy                   1
   c - Vampiric Draining              Necromancy                   3
   d - Regeneration                   Charms/Necromancy            3
   e - Animate Dead                   Necromancy                   4
   f - Control Undead                 Necromancy                   4
Comestibles
 c - 3 bread rations
 m - 4 chunks of flesh
 u - a fruit


   Skills:
 + Level 1.9 Armour
 - Level 2.1 Dodging
 - Level 2.4 Stealth
 - Level 3.2 Spellcasting
 + Level 6.3 Necromancy


You had 6 spell levels left.
You knew the following spells:

 Your Spells              Type           Power        Failure   Level  Hunger
a - Pain                  Necr           ###.         3%          1    None
v - Vampiric Draining     Necr           ###.......   9%          3    ###....


Dungeon Overview and Level Annotations

Branches:
Dungeon (5/15)
 Temple: D:4-7

Altars:
Ashenzari
Qazlal
Ru

Annotations:
D:4 exclusion: upstairs
D:5 Ijyb


Innate Abilities, Weirdness & Mutations

You are resistant to damage.
You can heal yourself by infusing magical energy.
You passively map a small area around you.
You do not regenerate.


Message History

You climb upwards.
Level annotation: exclusion: upstairs
There is a stone staircase leading down here.
The worm is too close now for your liking.
(D) Dungeon
Where to? (Enter - D:4 @ (x,y), ? - help)
There is a stone staircase leading down here.
You climb downwards.
Some of the chunks of flesh in your inventory have rotted away.
There is a stone staircase leading up here.
Unknown command.
C - a scroll labeled LOYPOB WAORE Ijyb the Twisted Goblin comes into view.
She is wielding a dagger of protection.
Ijyb is nearby!
Ijyb is nearby!
Ijyb shouts!
Ijyb zaps a wand.
The bolt of lightning hits you!
Ouch! That really hurt!
The bolt of lightning hits you!
You die...

* * ############ ,,
#...<....... *
##########.#########.
............# , , *
######.###.### * *
#@# #...# * #g# #.#.#
#.....#.# * ###.###.#
** #.# .# * # # .# *
* .# * * * * , .# , ,
, , , *


You could see Ijyb.

Vanquished Creatures
  An orc priest (D:3)
  A hound (D:5)
  An orc wizard (D:4)
  3 worker ants (D:4)
  3 adders
  2 leopard geckos (D:1)
  10 orcs
  2 giant cockroaches
  A goblin (D:1)
  3 quokkas
  4 frilled lizards
  A rat (D:1)
32 creatures vanquished.

Notes
Turn   | Place    | Note
-------+----------+-------------------------------------------
     0 | D:1      | letownia2 the Deep Dwarf Necromancer began the quest for the Orb.
     0 | D:1      | Reached XP level 1. HP: 15/15 MP: 3/3
   189 | D:1      | Reached XP level 2. HP: 22/22 MP: 1/5
   315 | D:3      | Reached skill level 5 in Necromancy
   315 | D:3      | Reached XP level 3. HP: 28/28 MP: 0/6
   326 | D:3      | Learned a level 3 spell: Vampiric Draining
   564 | D:4      | Found a shattered altar of Ashenzari.
   583 | D:4      | Reached XP level 4. HP: 30/36 MP: 3/8
   795 | D:4      | Found a sacrificial altar of Ru.
   850 | D:4      | Reached XP level 5. HP: 40/42 MP: 5/9
  1035 | D:4      | Found a stormy altar of Qazlal.
  1128 | D:4      | Reached skill level 1 in Armour
  1128 | D:4      | Reached skill level 6 in Necromancy
  1203 | D:5      | Entered Level 5 of the Dungeon
  1663 | D:5      | Noticed Ijyb
  1670 | D:5      | Killed from afar by Ijyb

Skill      XL: |  1  2  3  4  5 |
---------------+----------------+-----
Spellcasting   | 2 3 |  3.2
Necromancy     | 5 6 |  6.3
Armour         | 1 |  1.9
Dodging        | |  2.1
Stealth        | |  2.4

Action                   |  1- 3 |  4- 6 || total
-------------------------+-------+-------++-------
Melee: Dagger            |     1 |     1 ||     2
 Cast: Pain              |    34 |    42 ||    76
       Vampiric Draining |       |     7 ||     7
 Stab: Sleeping          |     1 |     1 ||     2
  Eat: Chunk             |       |     3 ||     3
Armor: Robe              |     1 |       ||     1
       Leather armour    |     1 |     4 ||     5
       Ring mail         |       |     7 ||     7
Dodge: Dodged            |     6 |    29 ||    35
